 Dungeon Crawl Stone Soup version 0.26.1-2-gb8aa6d0cf2 (webtiles) character file.

Game seed: 1491064924772345751

169 Gadfly the Chopper (level 5, 0/41 HPs)
             Began as a Formicid Abyssal Knight on Feb 10, 2021.
             Was a Priest of Lugonu.
             Killed by nerve-wracking pain
             ... invoked by an orc priest
              (14 damage)
             ... on level 2 of the Dungeon.
             The game lasted 00:04:00 (2929 turns).

Gadfly the Chopper (Formicid Abyssal Knight)        Turns: 2929, Time: 00:04:00

Health: 0/41       AC:  9    Str: 17    XL:     5   Next: 79%
Magic:  7/7        EV:  7    Int: 12    God:    Lugonu [***...]
Gold:   156        SH:  0    Dex: 10    Spells: 4/4 levels left

rFire    . . .     SeeInvis +   a - +2 hand axe
rCold    . . .     Faith    .   (no shield)
rNeg     . . .     Spirit   .   g - +0 chain mail
rPois    .         Reflect  .   (helmet unavailable)
rElec    .         Harm     .   (no cloak)
rCorr    .         Rampage  .   (no gloves)
Will     .....                  (no boots)
Stlth    ..........             (no amulet)
HPRegen  0.13/turn              (no ring)
MPRegen  0.10/turn              (no ring)

@: no status effects
A: permanent stasis, dig shafts and tunnels, four strong arms, antennae 3
a: Dig, Shaft Self, Renounce Religion, Depart the Abyss, Bend Space, Banish


You were on level 2 of the Dungeon.
You worshipped Lugonu.
Lugonu was most pleased with you.
You visited 1 branch of the dungeon, and saw 3 of its levels.
You visited the Abyss 1 time.

You collected 156 gold pieces.

Inventory:

Hand Weapons
 a - a +2 hand axe (weapon)
Armour
 g - a +0 chain mail (worn)
Wands
 e - a wand of enslavement (11)
Scrolls
 b - 2 scrolls of remove curse
Potions
 d - a potion of degeneration {unknown}
 f - 3 potions of curing
 h - a potion of haste {unknown}
 i - a potion of cancellation {unknown}


   Skills:
 - Level 3.2 Fighting
 * Level 3.3 Axes
 + Level 2.9 Armour
 - Level 0.8 Dodging
 + Level 2.2 Shields
 + Level 3.0 Invocations
 * Level 2.7 Evocations


You had 4 spell levels left.
You didn't know any spells.
Your spell library was empty.

Dungeon Overview and Level Annotations

Branches:
Dungeon (3/15)

Altars:
Dithmenos
Hepliaklqana
Ru
Uskayaw
Xom
Yredelemnul


Innate Abilities, Weirdness & Mutations

You cannot be hasted, slowed, berserked, paralysed or teleported.
You can dig through walls and to a lower floor.
Your four strong arms can wield two-handed weapons with a shield.
You have a pair of large antennae on your head. (SInv)


Message History

The orc priest mumbles some strange prayers to Beogh against you.
Pain shoots through your body!
There is a stone staircase leading up here.
Unknown command.
The orc priest invokes the aid of Beogh against you.
Beogh smites you!
The orc priest hits you but does no damage.
You climb upwards.
There is a stone staircase leading down, spattered with blood here.
You are too injured to fight recklessly!
You closely miss the orc priest.
The orc priest invokes the aid of Beogh against you.
You struggle to resist.
You barely miss the orc priest.
The orc priest hits you but does no damage.
You hit the orc priest.
The orc priest is lightly wounded.
The orc priest mumbles some strange prayers to Beogh against you.
Pain shoots through your body!
You die...

...........#..##.##....#
...........##.##.##†...#
.........).'..>.[##....# ######
...........##.#..##...######....#
##.........##.........'......##.#
#.........###.#.##...#####..##.#
#.........# #...##...# #..#<.#
######'##### ##o÷##...#####..####
#......# #[@[....'..........
#.###### #####...########### #.#
##### #.##### ......# ...)..#
......# ......# ......#


You could see an orc priest.

Vanquished Creatures
  An orc wizard (D:2)
  A worker ant (D:2)
  4 adders
  2 worms (D:2)
  3 dart slugs (D:1)
  2 leopard geckos (D:1)
  3 orcs
  A giant cockroach (D:1)
  9 goblins
  8 hobgoblins
  4 jackals (D:1)
  9 bats
  2 frilled lizards
  7 kobolds
  10 rats
66 creatures vanquished.

Notes
Turn   | Place    | Note
-------+----------+-------------------------------------------
     0 | Abyss:1  | Gadfly the Formicid Abyssal Knight began the quest for the
                  | Orb.
     0 | Abyss:1  | Reached XP level 1. HP: 18/18 MP: 2/2
    30 | Abyss:1  | Found a corrupted altar of Lugonu.
    90 | D:1      | Escaped the Abyss
   365 | D:1      | Reached XP level 2. HP: 24/24 MP: 3/3
   436 | D:1      | Reached skill level 1 in Shields
   447 | D:1      | Reached skill level 1 in Evocations
   651 | D:1      | Reached XP level 3. HP: 27/29 MP: 4/4
   659 | D:1      | Reached ** piety under Lugonu
  1284 | D:2      | Reached XP level 4. HP: 24/35 MP: 5/5
  1422 | D:2      | Found a hazy altar of Hepliaklqana.
  2111 | D:2      | Found a shadowy altar of Dithmenos.
  2162 | D:2      | Reached XP level 5. HP: 41/41 MP: 7/7
  2186 | D:2      | Found a hide-covered altar of Uskayaw.
  2186 | D:2      | Found a basalt altar of Yredelemnul.
  2321 | D:2      | Found a sacrificial altar of Ru.
  2432 | D:3      | Found a shimmering altar of Xom.
  2529 | D:3      | Reached *** piety under Lugonu
  2929 | D:2      | Killed from afar by an orc priest

Illustrated notes

Levels and vault maps discovered:
D:1:      sevenhm_arrival_forest_fort_small_5, layout_basic
D:2:      minmay_chambers_of_ones, layout_basic, nicolae_ru_path_of_blood,
          nzn_hepliaklqana_mist_gate, gammafunk_temple_overflow_pools,
          nicolae_dithmenos_shadow_blocks
D:3:      layout_rooms, lemuel_crystal_altar

Skill      XL: |  1  2  3  4  5 |
---------------+----------------+-----
Shields        | 1 2 |  2.2
Evocations     | 1 2 |  2.7
Axes           | 3 |  3.3
Invocations    | 3 |  3.0
Fighting       | |  3.2
Armour         | |  2.9
Dodging        | |  0.8

Action                   |  1- 3 |  4- 6 || total
-------------------------+-------+-------++-------
Melee: Hand axe          |    60 |   114 ||   174
  Use: Scroll            |     3 |     3 ||     6
Armor: Leather armour    |    17 |       ||    17
       Chain mail        |     7 |    81 ||    88
Dodge: Dodged            |    53 |    41 ||    94
